 Dungeon Crawl Stone Soup version 0.32-a0-43-g058985b245 (webtiles) character file.

Game seed: 17814098584894991656

5070 jlumianski the Grappler (level 10, -29/74 (76) HPs)
             Began as a Gnoll Shapeshifter on Feb 4, 2024.
             Was a Follower of Wu Jian.
             Killed from afar by a lich (44 damage)
             ... with a bolt of cold
             ... on level 1 of the Abyss.
             The game lasted 00:36:26 (8719 turns).

jlumianski the Grappler (Gnoll Shapeshifter)        Turns: 8719, Time: 00:36:26

HP:   -29/74 (76)   AC: 12    Str: 17    XL:     10   Next: 56%
MP:   0/18          EV:  5    Int: 11    God:    Wu Jian [*.....]
Gold: 434           SH:  9    Dex: 11    Spells: 20/20 levels left

rFire   . .          .
                       - Unarmed
rCold   . . .        n - +0 kite shield
rNeg    + . .        I - +0 plate armour
rPois   +            (helmet currently unavailable)
rElec   .            (cloak currently unavailable)
rCorr   .            (gloves currently unavailable)
SInv    .            (boots currently unavailable)
Will    .....        b - amulet of guardian spirit Stlth
                     r - ring of positive energy
HPRegen 0.32/turn    D - ring of poison resistance
MPRegen 0.16/turn

%: guardian spirit
@: about to teleport, beast-form, slowed, lightly drained, very slow
A: beast (slay +4), fangs 1, strong nose, distributed training
a: Begin Untransformation, Renounce Religion


You were on level 1 of the Abyss.
You worshipped Wu Jian.
Wu Jian was aware of your devotion.
You were a hulking beast.
You visited 2 branches of the dungeon, and saw 11 of its levels.
You visited the Abyss 1 time.

You collected 434 gold pieces.

Inventory:

Hand Weapons
 J - a +0 broad axe
Missiles
 G - 3 boomerangs (quivered)
Armour
 a - a +0 animal skin
 e - a +0 chain mail
 i - a +2 helmet
 n - a +0 kite shield (worn)
 x - a +2 hat of willpower
 I - a +0 plate armour (worn)
Jewellery
 b - an amulet of guardian spirit (around neck)
 p - a ring of see invisible
 r - a ring of positive energy (left hand)
 C - a ring of flight
 D - a ring of poison resistance (right hand)
Talismans
 c - a beast talisman
 d - a flux talisman
Wands
 w - a wand of roots (9)
 B - a wand of paralysis (15)
 H - a wand of flame (14)
Scrolls
 h - a scroll of torment
 l - 2 scrolls of immolation
 m - 4 scrolls of vulnerability
 o - 2 scrolls of fog
 s - a scroll of poison
 y - a scroll of amnesia {unknown}
Potions
 f - a potion of brilliance
 g - 2 potions of curing
 k - a potion of magic
 q - 2 potions of mutation
 u - a potion of lignification
 v - a potion of berserk rage
 z - a potion of enlightenment {unknown}
 A - a potion of resistance
 E - a potion of invisibility {unknown}


   Skills:
 + Level 6.2 Fighting
 + Level 5.6 Short Blades
 + Level 5.6 Long Blades
 + Level 5.6 Axes
 + Level 5.6 Maces & Flails
 + Level 5.6 Polearms
 + Level 5.6 Staves
 + Level 5.6 Ranged Weapons
 + Level 5.6 Throwing
 + Level 5.6 Armour
 + Level 7.3 Dodging
 + Level 5.6 Stealth
 + Level 5.6 Shields
 + Level 8.7 Unarmed Combat
 + Level 5.6 Spellcasting
 + Level 4.6 Conjurations
 + Level 4.6 Hexes
 + Level 4.6 Summonings
 + Level 4.6 Necromancy
 + Level 4.6 Translocations
 + Level 4.6 Fire Magic
 + Level 4.6 Ice Magic
 + Level 4.6 Air Magic
 + Level 4.6 Earth Magic
 + Level 4.6 Alchemy
 + Level 6.1 Invocations
 + Level 5.6 Evocations
 + Level 8.4 Shapeshifting


You had 20 spell levels left.
You didn't know any spells.
Your spell library contained the following spells:

 Spells                   Type           Power      Damage    Failure   Level
 Foxfire                  Conj/Fire      52%        2x1d6     97%         1
 Slow                     Hex            52%        N/A       97%         1
 Confusing Touch          Hex            13%        N/A       100%        3
 Gell's Gravitas          Tloc           13%        N/A       100%        3
 Sigil of Binding         Hex            13%        N/A       100%        3
 Teleport Other           Tloc           13%        N/A       100%        3
 Vampiric Draining        Necr           13%        2d6       100%        3
 Dispersal                Tloc           6%         N/A       100%        6
 Plasma Beam              Fire/Air       6%         2x1d17    100%        6
 Starburst                Conj/Fire      6%         6d4       100%        6


Dungeon Overview and Level Annotations

Branches:
Dungeon (10/15)            Temple (1/1) D:5
   Lair: D:8-11         Orc: D:9-12

Altars:
Ashenzari
Cheibriados
Dithmenos
Elyvilon
Fedhas
Gozag
Hepliaklqana
Kikubaaqudgha
Makhleb
Nemelex Xobeh
Okawaru
Qazlal
Ru
Sif Muna
Trog
Uskayaw
Vehumet
Wu Jian
Xom
Yredelemnul
Zin
The Shining One

Shops:
D:8 :

Annotations:
D:9 Erolcha, Joseph


Innate Abilities, Weirdness & Mutations

You are a hulking beast.
Your limbs bulge with bestial killing power. (Slay +4)
You have very sharp teeth.
Your uncanny sense of smell can sniff out nearby items.
Your experience applies equally to all skills.


Message History

You feel much better. The ufetubus barely misses you.
You block the ufetubus's attack. Something touches you. You partially resist.
You feel drained.
The ufetubus hits you but does no damage. x2
You block the ufetubus's attack. x2; The ufetubus barely misses you. x2
You hear some strange, mumbled words.
You feel as though you will be slow longer.
The ufetubus hits you but does no damage.
The ufetubus barely misses you. The ufetubus hits you.
The ufetubus barely misses you.
You hit the ynoxinul but do no damage.
Something touches you but does no damage.
The ufetubus hits you but does no damage.
The ufetubus barely misses you. The ufetubus hits you.
The ufetubus hits you but does no damage.
You block something's attack.
The ufetubus hits you but does no damage.
The ufetubus barely misses you.
The ufetubus hits you but does no damage.
You block the ufetubus's attack. You block the ynoxinul's attack.
You closely miss the ynoxinul.
You hear some strange, mumbled words.
You feel as though you will be slow longer.
You block the ufetubus's attack. The ufetubus completely misses you.
The ufetubus hits you but does no damage. x2
You hear some strange, mumbled words.
Something tries to affect you, but you resist.
The ufetubus hits you but does no damage. x3
The ufetubus closely misses you. The ynoxinul gestures at you.
The iron shot hits you!!
* * * LOW HITPOINT WARNING * * *
Okay, then.
Unknown command.
You feel better.
You hear some strange, mumbled words.
A bolt of cold appears from out of thin air!
The bolt of cold hits you!!!
Ouch! That really hurt!
You die...

. #. # # #.. .#>
..# ##.##.#
....#.# . #.
#55#..## .##
##{5#.#.# .
.###h35# ..#
...#55#...#
#...#..#.## #
##.#...#...#
.....##...#.....
## ## ..#..#.#..
# #.# .## . ..#
#.## #. .# #. .
#.. ... .. ##


You could see a ynoxinul and 6 ufetubi.

Vanquished Creatures
  A thrashing horror (Abyss:1)
  A large abomination (Abyss:1)
  A smoke demon (Abyss:1)
  A hornet (D:9)
  A vampire (D:9)
  A wyvern (D:9)
  Edmund (D:6)
  2 water moccasins
  2 ice beasts
  Duvessa (D:6)
  2 orc warriors
  3 black bears
  An ogre (D:6)
  A sky beast (D:6)
  3 centaurs
  A phantom (D:4)
  A brain worm (Abyss:1)
  2 bullfrogs
  A gnoll sergeant (D:7)
  2 scorpions
  A wight (Abyss:1)
  Dowan (D:6)
  4 killer bees (D:8)
  An electric eel (D:9)
  A howler monkey (D:5)
  2 quasits (Abyss:1)
  7 orc priests
  A bombardier beetle (D:6)
  A hound (D:6)
  Terence (D:2)
  6 sleepcaps
  Natasha (twice) (D:4)
  3 iguanas
  7 orc wizards
  5 adders
  12 gnolls
  2 white imps
  7 dart slugs
  19 orcs
  4 ball pythons
  9 bats
  5 endoplasms
  4 giant cockroaches
  4 goblins
  2 hobgoblins (D:3)
  3 jackals (D:5)
  3 quokkas
  5 frilled lizards
  5 kobolds
  11 rats
167 creatures vanquished.

Vanquished Creatures (others)
  A butterfly (D:8)
1 creature vanquished.

Grand Total: 168 creatures vanquished

Notes
Turn   | Place    | Note
-------+----------+-------------------------------------------
     0 | D:1      | jlumianski the Gnoll Shapeshifter began the quest for the
                  | Orb.
     0 | D:1      | Reached XP level 1. HP: 17/17 MP: 1/1
   215 | D:1      | Reached XP level 2. HP: 23/23 MP: 2/2
   526 | D:1      | Reached XP level 3. HP: 28/28 MP: 3/3
   824 | D:2      | Reached skill level 1 in Invocations
   862 | D:4      | Noticed a phantom
   867 | D:4      | Killed a phantom
   868 | D:4      | Reached skill level 1 in Short Blades
   868 | D:4      | Reached skill level 1 in Long Blades
   868 | D:4      | Reached skill level 1 in Axes
   868 | D:4      | Reached skill level 1 in Maces & Flails
   868 | D:4      | Reached skill level 1 in Polearms
   868 | D:4      | Reached skill level 1 in Staves
   868 | D:4      | Reached skill level 1 in Ranged Weapons
   868 | D:4      | Reached skill level 1 in Throwing
   868 | D:4      | Reached skill level 1 in Armour
   868 | D:4      | Reached skill level 1 in Stealth
   868 | D:4      | Reached skill level 1 in Shields
   868 | D:4      | Reached skill level 1 in Spellcasting
   868 | D:4      | Reached skill level 1 in Conjurations
   868 | D:4      | Reached skill level 1 in Hexes
   868 | D:4      | Reached skill level 1 in Summonings
   868 | D:4      | Reached skill level 1 in Necromancy
   868 | D:4      | Reached skill level 1 in Translocations
   868 | D:4      | Reached skill level 1 in Fire Magic
   868 | D:4      | Reached skill level 1 in Ice Magic
   868 | D:4      | Reached skill level 1 in Air Magic
   868 | D:4      | Reached skill level 1 in Earth Magic
   868 | D:4      | Reached skill level 1 in Alchemy
   868 | D:4      | Reached skill level 1 in Evocations
   868 | D:4      | Reached XP level 4. HP: 27/34 MP: 5/5
  1086 | D:3      | Reached XP level 5. HP: 39/41 MP: 7/7
  1254 | D:2      | Noticed Terence
  1270 | D:2      | Killed Terence
  1281 | D:2      | Found a faded altar of an unknown god.
  1780 | D:4      | Reached skill level 5 in Dodging
  1780 | D:4      | Reached XP level 6. HP: 44/47 MP: 7/9
  2059 | D:5      | Entered Level 5 of the Dungeon
  2074 | D:5      | Noticed an ice beast
  2175 | D:4      | Noticed Natasha
  2175 | D:4      | Noticed a black bear
  2189 | D:4      | Killed Natasha
  2195 | D:4      | Killed a black bear
  2220 | D:4      | Noticed Natasha
  2226 | D:4      | Killed Natasha
  2270 | D:4      | Noticed a black bear
  2279 | D:4      | Killed a black bear
  2280 | D:4      | Reached XP level 7. HP: 31/52 MP: 10/10
  2297 | D:5      | Found a burning altar of Makhleb.
  2783 | D:6      | Reached XP level 8. HP: 60/60 MP: 12/12
  2960 | D:5      | Found a staircase to the Ecumenical Temple.
  2976 | Temple   | Entered the Ecumenical Temple
  2994 | Temple   | Became a worshipper of the Wu Jian Council
  3047 | D:5      | Found a sacrificial altar of Ru.
  3047 | D:5      | Found a bloodstained altar of Trog.
  3103 | D:5      | Found a hide-covered altar of Uskayaw.
  3104 | D:5      | Found a glowing golden altar of the Shining One.
  3106 | D:5      | Found an opulent altar of Gozag.
  4381 | D:6      | Noticed Duvessa
  4416 | D:6      | Reached XP level 9. HP: 50/66 MP: 10/14
  4539 | D:6      | Noticed Dowan
  4553 | D:6      | Killed Dowan
  4593 | D:6      | Killed Duvessa
  4976 | D:6      | Noticed Edmund
  5002 | D:6      | Killed Edmund
  5277 | D:6      | Reached skill level 5 in Fighting
  5987 | D:7      | Reached * piety under Wu Jian
  6175 | D:7      | Reached skill level 5 in Invocations
  6595 | D:8      | Found Cyozxuamer's Self-Improvement Boutique.
  6731 | D:9      | Noticed Joseph
  6896 | D:8      | Found a white marble altar of Elyvilon.
  7038 | D:9      | Noticed a hornet
  7046 | D:9      | Killed a hornet
  7634 | D:9      | Reached skill level 5 in Short Blades
  7634 | D:9      | Reached skill level 5 in Long Blades
  7634 | D:9      | Reached skill level 5 in Axes
  7634 | D:9      | Reached skill level 5 in Maces & Flails
  7634 | D:9      | Reached skill level 5 in Polearms
  7634 | D:9      | Reached skill level 5 in Staves
  7634 | D:9      | Reached skill level 5 in Ranged Weapons
  7634 | D:9      | Reached skill level 5 in Throwing
  7634 | D:9      | Reached skill level 5 in Armour
  7634 | D:9      | Reached skill level 5 in Stealth
  7634 | D:9      | Reached skill level 5 in Shields
  7634 | D:9      | Reached skill level 5 in Spellcasting
  7634 | D:9      | Reached skill level 5 in Evocations
  7634 | D:9      | Reached XP level 10. HP: 31/76 MP: 8/17
  7649 | D:10     | Entered Level 10 of the Dungeon
  8318 | D:9      | Noticed Erolcha
  8319 | Abyss:1  | Cast into level 1 of the Abyss (Erolcha)
  8378 | Abyss:1  | Noticed a large abomination
  8390 | Abyss:1  | Killed a large abomination
  8394 | Abyss:1  | Noticed a smoke demon
  8406 | Abyss:1  | Killed a smoke demon
  8456 | Abyss:1  | Noticed a thrashing horror
  8478 | Abyss:1  | Killed a thrashing horror
  8676 | Abyss:1  | Noticed a great orb of eyes
  8698 | Abyss:1  | Noticed a starcursed mass
  8706 | Abyss:1  | Noticed a lich
  8719 | Abyss:1  | Killed from afar by a lich

Illustrated notes

Levels and vault maps discovered:
D:1:      eino_arrival_cavern_c, layout_loops_ring
D:2:      layout_rooms, shapermc_ecumenical_altar_venn, uniq_terence
D:3:      wander_river, layout_rooms
D:4:      layout_basic, uniq_natasha
D:5:      layout_loops_cross, mainiacjoe_overflow_concentric_impassable,
          grunt_temple_overflow_open, minmay_temple_entry_mist, hellmonk_no_cap
D:6:      layout_cave_pods, dreamdust_princess_bridge, uniq_edmund, uniq_duvessa
D:7:      layout_basic
D:8:      layout_gridville, nicolae_elyvilon_peaceful_grove,
          nicolae_shop_self_help
D:9:      layout_roguey, kennysheep_cluttered_room, minivault_4, uniq_erolcha,
          uniq_joseph
D:10:     layout_irregular_city, serial_shops, nicolae_shop_rolling_square,
          nicolae_shop_tiny_waterfront, kennysheep_little_box
Temple:   eino_wide_crystal_templ
Abyss:1:  base:
D:3

Skill      XL: |  1  2  3  4  5  6  7  8  9 10 |
---------------+-------------------------------+-----
Invocations    | 1 2 3 4 5 6 |  6.1
Short Blades   | 1 2 3 5 |  5.6
Long Blades    | 1 2 3 5 |  5.6
Axes           | 1 2 3 5 |  5.6
Maces & Flails | 1 2 3 5 |  5.6
Polearms       | 1 2 3 5 |  5.6
Staves         | 1 2 3 5 |  5.6
Ranged Weapons | 1 2 3 5 |  5.6
Throwing       | 1 2 3 5 |  5.6
Armour         | 1 2 3 5 |  5.6
Stealth        | 1 2 3 5 |  5.6
Shields        | 1 2 3 5 |  5.6
Spellcasting   | 1 2 3 5 |  5.6
Conjurations   | 1 2 3 4 |  4.6
Hexes          | 1 2 3 4 |  4.6
Summonings     | 1 2 3 4 |  4.6
Necromancy     | 1 2 3 4 |  4.6
Translocations | 1 2 3 4 |  4.6
Fire Magic     | 1 2 3 4 |  4.6
Ice Magic      | 1 2 3 4 |  4.6
Air Magic      | 1 2 3 4 |  4.6
Earth Magic    | 1 2 3 4 |  4.6
Alchemy        | 1 2 3 4 |  4.6
Evocations     | 1 2 3 5 |  5.6
Fighting       | 3 4 5 6 |  6.2
Dodging        | 5 6 7 |  7.3
Unarmed Combat | 7 8 |  8.7
Shapeshifting  | 7 8 |  8.4

Action                     |  1- 3 |  4- 6 |  7- 9 | 10-12 || total
---------------------------+-------+-------+-------+-------++-------
  Melee: Unarmed           |    55 |   110 |   342 |    74 ||   581
         Bite              |     2 |    10 |    60 |     8 ||    80
         Punch             |     1 |     4 |    18 |       ||    23
  Throw: Boomerang         |       |       |       |     2 ||     2
Ability: Lunge             |       |       |    18 |     4 ||    22
         Whirlwind         |       |       |     3 |     4 ||     7
  Evoke: Wand              |       |       |     2 |     3 ||     5
    Use: Potion            |       |     2 |     3 |     2 ||     7
         Scroll            |       |     3 |    10 |     3 ||    16
 Armour: Chain mail        |    34 |    91 |   250 |       ||   375
         Animal skin       |     2 |       |       |       ||     2
         Skin              |       |    16 |       |       ||    16
         Plate armour      |       |       |    41 |   135 ||   176
  Dodge: Dodged            |    19 |    52 |   113 |    34 ||   218
  Block: Kite shield       |       |       |    24 |    68 ||    92

Table legend: (Time is in decaauts)
 A = Elapsed time spent in this place.
 B = Non-inter-level travel time spent in this place.
 C = Inter-level travel time spent in this place.
 D = Time resting spent in this place.
 E = Time spent auto-exploring this place.
 F = Levels seen in this place.
 G = Mean time per level.
                   A        B        C        D        E       F      G
               +--------+--------+--------+--------+--------+-----+--------+
         Total |   8746 |   8528 |    218 |   1970 |   3911 |  12 |  728.8 |
       Dungeon |   8307 |   8089 |    218 |   1751 |   3902 |  10 |  830.7 |
        Temple |     36 |     36 |      0 |      0 |      0 |   1 |   36.0 |
         Abyss |    401 |    401 |      0 |    219 |      9 |   1 |  401.0 |
               +--------+--------+--------+--------+--------+-----+--------+

Top non-repeatable levels by time:
     D:6: 1491 daAuts
     D:8: 1412 daAuts
     D:5: 1169 daAuts
     D:9: 874 daAuts
     D:4: 843 daAuts
     D:1: 751 daAuts
     D:7: 695 daAuts
     D:2: 575 daAuts
     D:3: 483 daAuts
 Abyss:1: 401 daAuts
  Temple: 36 daAuts
    D:10: 10 daAuts
